 Dungeon Crawl Stone Soup version 0.23.2 (webtiles) character file.

Game seed: 801541305755663790

50 eccles the Conjurer (level 3, -4/19 HPs)
             Began as a Deep Elf Conjurer on Apr 12, 2019.
             Killed from afar by Ijyb (8 damage)
             ... with a wand of flame (8)
             ... on level 2 of the Dungeon.
             The game lasted 00:12:09 (1589 turns).

eccles the Conjurer (Deep Elf Conjurer)             Turns: 1589, Time: 00:12:10

Health: -4/19      AC:  3    Str:  6    XL:     3   Next: 55%
Magic:  6/10       EV: 12    Int: 19    God:
Gold:   117        SH:  0    Dex: 15    Spells: 3/9 levels left

rFire    . . .     SeeInvis .   (no weapon)
rCold    . . .     Gourm    .   (no shield)
rNeg     . . .     Faith    .   f - +0 leather armour
rPois    .         Spirit   .   (no helmet)
rElec    .         Reflect  .   (no cloak)
rCorr    .         Harm     .   (no gloves)
MR       .....                  (no boots)
Stlth    ++........             (no amulet)
HPRegen  0.06/turn              (no ring)
MPRegen  0.12/turn              (no ring)

@: no status effects
A: no striking features
a: no special abilities


You were on level 2 of the Dungeon.
You were not hungry.

You visited 1 branch of the dungeon, and saw 2 of its levels.

You collected 117 gold pieces.

Inventory:

Armour
 a - a +0 robe
 f - a +0 leather armour (worn)
Scrolls
 e - 2 scrolls of fog {unknown}
 h - 3 scrolls of amnesia {unknown}
 k - a scroll of teleportation {unknown}
 l - a scroll of random uselessness {unknown}
Potions
 d - 2 potions of degeneration {unknown}
 g - a potion of haste {unknown}
 i - a potion of agility {unknown}
 j - a potion of curing {unknown}
Comestibles
 c - 3 rations


   Skills:
 + Level 2.4 Dodging
 + Level 2.6 Stealth
 * Level 3.7 Spellcasting
 * Level 5.4 Conjurations


You had 3 spell levels left.
You knew the following spells:

 Your Spells              Type           Power        Failure   Level  Hunger
a - Magic Dart            Conj           ###.         2%          1    None
b - Searing Ray           Conj           ###...       3%          2    ##.....
c - Dazzling Spray        Conj/Hex       ##....       22%         3    ###....

Your spell library contained the following spells:

 Spells                   Type           Power        Failure   Level  Hunger
 Iskenderun's Mystic Bla  Conj           ###.....     24%         4    ####...
 Force Lance              Conj/Tloc      ##......     58%         4    ####...
 Fulminant Prism          Conj/Hex       ##........   58%         4    ####...


Dungeon Overview and Level Annotations

Branches:
Dungeon (2/15)

Altars:

Annotations:
D:2 Ijyb


Message History

Ijyb hits you but does no damage.
Casting: Magic Dart (safe; 2% risk of failure)
Confirm with . or Enter, or press ? or * to list all spells.
Aiming: Magic Dart (safe; 2% risk of failure)
Press: ? - help, Shift-Dir - straight line, f/p - Ijyb
Aim: Ijyb, wielding a -2 dagger, wearing a +0 ring mail and carrying a wand of flame (9)
The magic dart hits Ijyb.
Ijyb is lightly wounded.
Ijyb hits you but does no damage.
Casting: Magic Dart (safe; 2% risk of failure)
Confirm with . or Enter, or press ? or * to list all spells.
Aiming: Magic Dart (safe; 2% risk of failure)
Press: ? - help, Shift-Dir - straight line, f/p - Ijyb
Aim: Ijyb, wielding a -2 dagger, wearing a +0 ring mail and carrying a wand of flame (9) (lightly wounded)
The magic dart hits Ijyb but does no damage.
Ijyb is lightly wounded.
Ijyb zaps a wand.
The puff of flame hits you!
* * * LOW HITPOINT WARNING * * *
Ijyb zaps a wand.
The puff of flame hits you!
You die...

#...##....# #.##
##.#.# ..# ...#.#
### #####.#
#####(####
..##....#
#.#####.# ##...##
#.# #######..#..#
#@# ##.g.....###.#
#.# ##.#####..#.g#
#g# g....g.g..g..#
#)#
############g###.#
# #.....# #
#..#### # #..# #
#..#


You could see Ijyb.

Vanquished Creatures
  A leopard gecko (D:1)
  4 bats
  4 giant cockroaches (D:1)
  9 goblins
  7 hobgoblins
  2 jackals (D:1)
  5 kobolds
  A quokka (D:2)
  5 frilled lizards
  5 rats
43 creatures vanquished.

Notes
Turn   | Place    | Note
-------+----------+-------------------------------------------
     0 | D:1      | eccles the Deep Elf Conjurer began the quest for the Orb.
     0 | D:1      | Reached XP level 1. HP: 10/10 MP: 6/6
   141 | D:1      | Reached XP level 2. HP: 13/15 MP: 1/8
   258 | D:1      | Learned a level 2 spell: Searing Ray
   282 | D:1      | Reached skill level 5 in Conjurations
   625 | D:1      | Reached XP level 3. HP: 19/19 MP: 6/9
  1270 | D:2      | Noticed Ijyb
  1390 | D:1      | Learned a level 3 spell: Dazzling Spray
  1589 | D:2      | Killed from afar by Ijyb

Skill      XL: |  1  2 |
---------------+-------+-----
Conjurations   | 5 |  5.4
Dodging        | |  2.4
Stealth        | |  2.6
Spellcasting   | |  3.7

Action                   || total
-------------------------++-------
Melee: Unarmed           ||    10
 Cast: Magic Dart        ||    79
       Searing Ray       ||     1
  Eat: Ration            ||     1
       Chunk             ||     1
Armor: Robe              ||     6
       Leather armour    ||     6
Dodge: Dodged            ||    29
